 Dungeon Crawl Stone Soup version 0.30-a0-451-ge042605de7 (webtiles) character file.

Game seed: 1088240918417425885

752 billz999 the Skirmisher (level 7, -3/56 HPs)
             Began as a Gnoll Hunter on Dec 11, 2022.
             Slain by a vampire (9 damage)
             ... on level 5 of the Dungeon.
             The game lasted 00:03:47 (3952 turns).

billz999 the Skirmisher (Gnoll Hunter)              Turns: 3952, Time: 00:03:48

Health: -3/56      AC:  6    Str: 10    XL:     7   Next: 78%
Magic:  11/11      EV: 18    Int:  9    God:
Gold:   175        SH:  0    Dex: 17    Spells: 11/11 levels left

rFire   . . .      SeeInvis .    g - +0 dagger (elec)
rCold   + . .      Faith    .    (no shield)
rNeg    . . .      Spirit   .    c - +0 leather armour
rPois   .          Reflect  .    (no helmet)
rElec   .          Harm     .    B - +1 cloak
rCorr   .          Rampage  .    d - +0 pair of gloves
Will    .....                    (no boots)
Stlth   ++........               (no amulet)
HPRegen 0.29/turn                l - +4 ring of evasion
MPRegen 0.12/turn                p - ring of protection from cold

@: no status effects
A: fangs 1, strong nose, distributed training
a: no special abilities


You were on level 5 of the Dungeon.
You visited 1 branch of the dungeon, and saw 5 of its levels.

You collected 175 gold pieces.

Inventory:

Hand Weapons
 a - a +0 shortbow
 g - a +0 dagger of electrocution (weapon)
 h - a +1 dagger of flaming
Armour
 c - a +0 leather armour (worn)
 d - a +0 pair of gloves (worn)
 B - a +1 cloak (worn)
Jewellery
 l - a +4 ring of evasion (left hand)
 p - a ring of protection from cold (right hand)
Scrolls
 b - 2 scrolls of immolation
 i - 2 scrolls of blinking {unknown}
 n - 2 scrolls of amnesia {unknown}
 r - a scroll of magic mapping {unknown}
 s - a scroll of enchant armour {unknown}
 t - 2 scrolls of silence {unknown}
 x - 2 scrolls of identify {unknown}
 y - a scroll of torment {unknown}
 A - a scroll of summoning {unknown}
 C - a scroll of brand weapon {unknown}
 D - a scroll of vulnerability {unknown}
 E - a scroll of teleportation {unknown}
Potions
 e - a potion of haste {unknown}
 f - a potion of degeneration {unknown}
 j - 3 potions of curing {unknown}
 k - 2 potions of mutation {unknown}
 m - a potion of resistance {unknown}
 o - a potion of invisibility {unknown}
 q - 2 potions of might {unknown}
 u - 4 potions of attraction {unknown}
 v - 3 potions of magic {unknown}
 w - a potion of cancellation {unknown}
 z - a potion of lignification {unknown}


   Skills:
 + Level 5.4 Fighting
 + Level 2.8 Short Blades
 + Level 2.8 Long Blades
 + Level 2.8 Axes
 + Level 2.8 Maces & Flails
 + Level 2.8 Polearms
 + Level 2.8 Staves
 + Level 9.0 Ranged Weapons
 + Level 2.8 Throwing
 + Level 2.8 Armour
 + Level 5.4 Dodging
 + Level 3.7 Stealth
 + Level 2.8 Shields
 + Level 2.8 Unarmed Combat
 + Level 2.8 Spellcasting
 + Level 2.3 Conjurations
 + Level 2.3 Hexes
 + Level 2.3 Summonings
 + Level 2.3 Necromancy
 + Level 2.3 Translocations
 + Level 2.3 Transmutations
 + Level 2.3 Fire Magic
 + Level 2.3 Ice Magic
 + Level 2.3 Air Magic
 + Level 2.3 Earth Magic
 + Level 2.3 Poison Magic
 + Level 3.1 Invocations
 + Level 2.8 Evocations


You had 11 spell levels left.
You didn't know any spells.
Your spell library contained the following spells:

 Spells                   Type           Power      Damage    Failure   Level
 Ignite Poison            Fire/Tmut/Pois 5%         N/A       43%         3
 Kindle Blastsparks       Fire/Tloc/Air  10%        2d10      43%         3
 Freezing Cloud           Conj/Ice/Air   2%         6-21      99%         5


Dungeon Overview and Level Annotations

Branches:
Dungeon (5/15)
 Temple: D:4-7

Altars:
Dithmenos
Elyvilon
Qazlal
Sif Muna


Innate Abilities, Weirdness & Mutations

You have very sharp teeth.
Your uncanny sense of smell can sniff out nearby items.
Your experience applies equally to all skills.


Message History

The gnoll bouda hits you with a +0 whip.
You hit the gnoll bouda but do no damage.
You bite the gnoll bouda, but do no damage.
The gnoll bouda is severely wounded.
The gnoll bouda utters an invocation to its god.
The gnoll bouda is healed somewhat.
You hit the gnoll bouda but do no damage.
The gnoll bouda is heavily wounded.
The gnoll bouda hits you with a +0 whip.
You hit the gnoll bouda but do no damage.
The gnoll bouda is heavily wounded.
The gnoll bouda completely misses you.
You hit the gnoll bouda but do no damage.
The gnoll bouda is heavily wounded.
The gnoll bouda hits you but does no damage.
You barely miss the gnoll bouda.
The gnoll bouda is heavily wounded.
The gnoll bouda misses you.
You hit the gnoll bouda but do no damage.
The gnoll bouda is heavily wounded.
The gnoll bouda completely misses you.
You hit the gnoll bouda.
Lightning courses through the gnoll bouda!
You kill the gnoll bouda!
The vampire hits you but does no damage.
The vampire bites you.
The vampire draws strength from your injuries!
Items here: ) [ ††.
You hit the vampire but do no damage. You bite the vampire, but do no damage.
The vampire hits you!
* * * LOW HITPOINT WARNING * * *
The vampire bites you.
* * * LOW HITPOINT WARNING * * *
The vampire draws strength from your injuries!
You hit the vampire but do no damage.
Your attacks no longer feel as feeble.
The vampire closely misses you. The vampire misses you.
You barely miss the vampire. The vampire barely misses you.
The vampire bites you!
You die...

#.# #.# +###
#†# ...# #.#
...# #.#
...#### #.#
....... #.#
##### .[.....
#.#
#...####.......
#.#
#......@V......
#.#
#...#####......
#.# #...# .....
#.# #...# ###.
#.# #...# #.#
#...#
#.#########.##
#.#.........#
#.#.#######.#


You could see a vampire.

Vanquished Creatures
  2 ogres
  A phantom (D:4)
  A necrophage (D:5)
  A scorpion (D:4)
  A hound (D:5)
  A gnoll bouda (D:5)
  An orc priest (D:3)
  Jessica (D:2)
  2 iguanas (D:5)
  Terence (D:3)
  Natasha (twice) (D:2)
  Robin (D:2)
  3 adders
  3 gnolls (D:4)
  A worm (D:4)
  A dart slug (D:4)
  2 orcs (D:3)
  7 endoplasms
  5 giant cockroaches
  11 goblins
  6 hobgoblins
  5 quokkas
  9 ball pythons
  5 bats
  2 frilled lizards (D:1)
  8 kobolds
  7 rats
90 creatures vanquished.

Notes
Turn   | Place    | Note
-------+----------+-------------------------------------------
     0 | D:1      | billz999 the Gnoll Hunter began the quest for the Orb.
     0 | D:1      | Reached XP level 1. HP: 20/20 MP: 1/1
    90 | D:1      | Reached XP level 2. HP: 26/26 MP: 2/2
   456 | D:1      | Reached XP level 3. HP: 31/31 MP: 3/3
   872 | D:2      | Noticed Jessica
   875 | D:2      | Killed Jessica
   876 | D:2      | Reached skill level 1 in Short Blades
   876 | D:2      | Reached skill level 1 in Long Blades
   876 | D:2      | Reached skill level 1 in Axes
   876 | D:2      | Reached skill level 1 in Maces & Flails
   876 | D:2      | Reached skill level 1 in Polearms
   876 | D:2      | Reached skill level 1 in Staves
   876 | D:2      | Reached skill level 1 in Throwing
   876 | D:2      | Reached skill level 1 in Armour
   876 | D:2      | Reached skill level 1 in Shields
   876 | D:2      | Reached skill level 1 in Unarmed Combat
   876 | D:2      | Reached skill level 1 in Spellcasting
   876 | D:2      | Reached skill level 1 in Invocations
   876 | D:2      | Reached skill level 1 in Evocations
  1099 | D:2      | Noticed Robin
  1100 | D:2      | Reached XP level 4. HP: 38/38 MP: 5/5
  1121 | D:2      | Killed Robin
  1228 | D:2      | Noticed Natasha
  1231 | D:2      | Killed Natasha
  1232 | D:2      | Reached skill level 1 in Conjurations
  1232 | D:2      | Reached skill level 1 in Hexes
  1232 | D:2      | Reached skill level 1 in Summonings
  1232 | D:2      | Reached skill level 1 in Necromancy
  1232 | D:2      | Reached skill level 1 in Translocations
  1232 | D:2      | Reached skill level 1 in Transmutations
  1232 | D:2      | Reached skill level 1 in Fire Magic
  1232 | D:2      | Reached skill level 1 in Ice Magic
  1232 | D:2      | Reached skill level 1 in Air Magic
  1232 | D:2      | Reached skill level 1 in Earth Magic
  1232 | D:2      | Reached skill level 1 in Poison Magic
  1500 | D:2      | Noticed Natasha
  1505 | D:2      | Killed Natasha
  1506 | D:2      | Reached XP level 5. HP: 43/43 MP: 7/7
  1563 | D:3      | Found a shimmering blue altar of Sif Muna.
  1564 | D:3      | Found a stormy altar of Qazlal.
  1729 | D:3      | Noticed Terence
  1742 | D:3      | Killed Terence
  1887 | D:3      | Noticed an ogre
  1905 | D:3      | Killed an ogre
  1906 | D:3      | Reached skill level 5 in Fighting
  1906 | D:3      | Reached skill level 5 in Dodging
  1906 | D:3      | Reached XP level 6. HP: 10/51 MP: 7/9
  2255 | D:3      | Found a white marble altar of Elyvilon.
  2472 | D:4      | Reached XP level 7. HP: 46/56 MP: 10/10
  2506 | D:4      | Found the +4 robe of Augmentation {Str+4 Int+4 Dex+4}
  2780 | D:4      | Found a shadowy altar of Dithmenos.
  3674 | D:5      | Entered Level 5 of the Dungeon
  3911 | D:5      | Reached skill level 9 in Ranged Weapons
  3922 | D:5      | Noticed a vampire
  3952 | D:5      | Slain by a vampire

Illustrated notes

Levels and vault maps discovered:
D:1:      minmay_arrival_wavy_path, layout_basic
D:2:      layout_loops_ring, kennysheep_generic_room_12, uniq_natasha,
          uniq_robin, uniq_jessica
D:3:      layout_loops_ring, mainiacjoe_overflow_alcove_2,
          chequers_temple_overflow_statue_of_worship, minmay_diced_spiral,
          uniq_terence
D:4:      minmay_angry_zag, layout_layer_cave, mainiacjoe_overflow_tiny_flanked
D:5:      layout_basic, ebering_ghost_reflecting_pool, serial_shops,
          shop_fountains, st_stairs_14, minmay_misc_feat_rows,
          minmay_manual_mullet

Skill      XL: |  1  2  3  4  5  6  7 |
---------------+----------------------+-----
Short Blades   | 1 2 |  2.8
Long Blades    | 1 2 |  2.8
Axes           | 1 2 |  2.8
Maces & Flails | 1 2 |  2.8
Polearms       | 1 2 |  2.8
Staves         | 1 2 |  2.8
Throwing       | 1 2 |  2.8
Armour         | 1 2 |  2.8
Shields        | 1 2 |  2.8
Unarmed Combat | 1 2 |  2.8
Spellcasting   | 1 2 |  2.8
Invocations    | 1 2 3 |  3.1
Evocations     | 1 2 |  2.8
Conjurations   | 1 2 |  2.3
Hexes          | 1 2 |  2.3
Summonings     | 1 2 |  2.3
Necromancy     | 1 2 |  2.3
Translocations | 1 2 |  2.3
Transmutations | 1 2 |  2.3
Fire Magic     | 1 2 |  2.3
Ice Magic      | 1 2 |  2.3
Air Magic      | 1 2 |  2.3
Earth Magic    | 1 2 |  2.3
Poison Magic   | 1 2 |  2.3
Stealth        | 3 |  3.7
Fighting       | 5 |  5.4
Dodging        | 5 |  5.4
Ranged Weapons | 9 |  9.0

Action                   |  1- 3 |  4- 6 |  7- 9 || total
-------------------------+-------+-------+-------++-------
Melee: Dagger            |       |    18 |    35 ||    53
       Bite              |       |     5 |     3 ||     8
 Fire: Shortbow          |    63 |   132 |    69 ||   264
Armor: Leather armour    |     6 |    12 |     5 ||    23
Dodge: Dodged            |    18 |    71 |    33 ||   122

Table legend: (Time is in decaauts)
 A = Elapsed time spent in this place.
 B = Non-inter-level travel time spent in this place.
 C = Inter-level travel time spent in this place.
 D = Time resting spent in this place.
 E = Time spent auto-exploring this place.
 F = Levels seen in this place.
 G = Mean time per level.
                   A        B        C        D        E       F      G
               +--------+--------+--------+--------+--------+-----+--------+
         Total |   3971 |   3850 |    121 |    144 |   3198 |   5 |  794.2 |
       Dungeon |   3971 |   3850 |    121 |    144 |   3198 |   5 |  794.2 |
               +--------+--------+--------+--------+--------+-----+--------+

Top non-repeatable levels by time:
     D:4: 1314 daAuts
     D:1: 851 daAuts
     D:3: 817 daAuts
     D:2: 714 daAuts
     D:5: 275 daAuts
